 Dungeon Crawl Stone Soup version 0.24-a0-441-g27f0392e16 (webtiles) character file.

Game seed: 15059595657618846753

158 HAL9000 the Changer (level 5, 0/40 HPs)
             Began as a Draconian Transmuter on June 19, 2019.
             Succumbed to a scorpion's poison
             ... on level 3 of the Dungeon.
             The game lasted 00:03:51 (3185 turns).

HAL9000 the Changer (Draconian Transmuter)          Turns: 3185, Time: 00:03:52

Health: 0/40       AC:  2    Str:  9 (12) XL:     5   Next: 16%
Magic:  1/8        EV: 19    Int: 12 (14) God:
Gold:   103        SH:  0    Dex: 16 (17) Spells: 2/8 levels left

rFire    . . .     SeeInvis .     - Unarmed
rCold    . . .     Gourm    .   (shield currently unavailable)
rNeg     . . .     Faith    .   (armour unavailable)
rPois    x         Spirit   .   (helmet currently unavailable)
rElec    .         Reflect  .   (cloak currently unavailable)
rCorr    .         Harm     .   (gloves currently unavailable)
MR       .....                  (boots currently unavailable)
Stlth    +.........             (no amulet)
HPRegen  0.13/turn              (no ring)
MPRegen  0.11/turn              (no ring)

@: lethally poisoned (0 -> -32), spider-form (expiring)
A: tiny, unfitting armour, AC +5
a: End Transformation


You were on level 3 of the Dungeon.
You were very hungry.
You were a venomous arachnid creature.
You visited 1 branch of the dungeon, and saw 3 of its levels.

You collected 103 gold pieces.

Inventory:

Missiles
 a - 71 arrows
Scrolls
 b - a scroll of immolation {unknown}
 d - a scroll of teleportation {unknown}
 e - a scroll of enchant armour {unknown}
 g - a scroll of remove curse
 h - 3 scrolls of amnesia
 j - a scroll of enchant weapon {unknown}
 l - a scroll of magic mapping {unknown}
Potions
 f - 2 potions of might
 k - a potion of flight
Comestibles
 c - 6 rations


   Skills:
 - Level 1.1 Fighting
 - Level 1.7 Dodging
 - Level 4.0 Unarmed Combat
 - Level 2.0 Spellcasting
 + Level 4.7 Transmutations


You had 2 spell levels left.
You knew the following spells:

 Your Spells              Type           Power        Failure   Level  Hunger
a - Beastly Appendage     Tmut           ##....       12%         1    ##.....
b - Sticks to Snakes      Tmut           ##......     17%         2    ###....
c - Spider Form           Tmut/Pois      #.........   52%         3    ####...

Your spell library contained the following spells:

 Spells                   Type           Power        Failure   Level  Hunger
 Ice Form                 Ice/Tmut       #.......     87%         4    #####..
 Blade Hands              Tmut           ##........   87%         5    ######.


Dungeon Overview and Level Annotations

Branches:
Dungeon (3/15)

Altars:

Annotations:
D:3 Robin


Innate Abilities, Weirdness & Mutations

((Your plain brown scales are hard. (AC +5)))
You cannot fit into any form of body armour.
((You are cold-blooded and may be slowed by cold attacks.))


Message History

a cursed -3 club; a +0 leather armour; a goblin corpse You completely miss the goblin.
* * * LOW HITPOINT WARNING * * *
You feel very sick.
Your adder bites the goblin.
The goblin is poisoned.
Your adder poisons the goblin!
The goblin barely misses you.
Your adder closely misses the goblin.
Unknown command.
You hit the goblin.
You kill the goblin!
* * * LOW HITPOINT WARNING * * *
You feel very sick.
It was a potion of degeneration.
There was something very wrong with that liquid.
You feel weakened.
You feel dopey.
You feel clumsy.
You are feeling very hungry.
* * * LOW HITPOINT WARNING * * *
You feel sick.
Okay, then.
You die...

#### .... ...
...########.#######
.#.<...............
..###...........).### .
#.###.......(..# ...##..
#..............##.......
#####............$..#....
#.........>#..........
########...Ss..........
##.)))...........
#...............
##.............#
#..............#
#...............
#..##........##
#..###........##
#.##...........# .#


You could see a friendly adder.

Vanquished Creatures
  A scorpion (D:3)
  2 gnolls
  2 adders
  2 worms (D:2)
  2 leopard geckos
  5 orcs
  11 goblins
  5 hobgoblins
  8 jackals (D:1)
  4 kobolds
  A quokka (D:2)
  A ball python (D:1)
  5 bats
  3 frilled lizards
  6 rats
58 creatures vanquished.

Vanquished Creatures (collateral kills)
  A gnoll (D:2)
1 creature vanquished.

Grand Total: 59 creatures vanquished

Notes
Turn   | Place    | Note
-------+----------+-------------------------------------------
     0 | D:1      | HAL9000 the Draconian Transmuter began the quest for the
                  | Orb.
     0 | D:1      | Reached XP level 1. HP: 16/16 MP: 3/3
   163 | D:1      | Reached XP level 2. HP: 20/23 MP: 5/5
   186 | D:1      | Learned a level 2 spell: Sticks to Snakes
   940 | D:2      | Reached XP level 3. HP: 26/28 MP: 4/6
   945 | D:2      | Learned a level 3 spell: Spider Form
  2107 | D:3      | Noticed Robin
  2116 | D:2      | Reached XP level 4. HP: 29/35 MP: 7/7
  3178 | D:3      | Reached XP level 5. HP: 20/40 MP: 0/8
  3185 | D:3      | Succumbed to a scorpion's poison

Levels and vault maps discovered:
D:1:      dpeg_arrival_windows_large_door, layout_loops_ring,
          minmay_tree_intersection, hangedman_glass_teeth
D:2:      layout_loops_ring, first_ration, lemuel_flame_loot_1
D:3:      layout_rooms, uniq_robin

Skill      XL: |  1  2  3  4 |
---------------+-------------+-----
Unarmed Combat | 4 |  4.0
Transmutations | 3 4 |  4.7
Fighting       | |  1.1
Dodging        | |  1.7
Spellcasting   | |  2.0

Action                   |  1- 3 |  4- 6 || total
-------------------------+-------+-------++-------
Melee: Unarmed           |   120 |    70 ||   190
       Headbutt          |     5 |     3 ||     8
       Tailslap          |    11 |     1 ||    12
       Punch             |     2 |       ||     2
       Kick              |       |     2 ||     2
 Cast: Beastly Appendage |    14 |     4 ||    18
       Sticks to Snakes  |     4 |     5 ||     9
       Spider Form       |       |     3 ||     3
  Use: Scroll            |     4 |       ||     4
       Potion            |       |     2 ||     2
  Eat: Chunk             |     3 |     5 ||     8
Armor: Skin              |    35 |    40 ||    75
Dodge: Dodged            |    70 |    91 ||   161

Table legend:
 A = Non-vault XP
 B = Vault XP
 C = Vault XP percentage of total XP
 D = Non-vault monster count
 E = Vault monster count
 F = Vault count percentage of total count
                 A         B        C        D         E       F
            +---------+---------+-------+---------+---------+-------
      Total |     215 |      12 |   5.3 |      52 |       7 |  11.9
            +---------+---------+-------+---------+---------+-------
        D:1 |      48 |       0 |   0.0 |      24 |       0 |   0.0
        D:2 |      75 |       7 |   8.5 |      22 |       4 |  15.4
        D:3 |      92 |       5 |   5.2 |       6 |       3 |  33.3
            +---------+---------+-------+---------+---------+-------
